 Dungeon Crawl Stone Soup version 0.31.0-32-g396128a36d (webtiles) character file.

Game seed: 13630724084316187427

165 monsoonserge the Cudgeller (level 5, -8/36 HPs)
             Began as an Octopode Cinder Acolyte on Mar 18, 2024.
             Was a High Priest of Ignis.
             Killed from afar by Ijyb (18 damage)
             ... with a bolt of acid
             ... on level 3 of the Dungeon.
             The game lasted 00:06:52 (1975 turns).

monsoonserge the Cudgeller (OpCA)                   Turns: 1975, Time: 00:06:54

Health: -8/36      AC:  1    Str: 15    XL:     5   Next: 46%
Magic:  0/6        EV: 12    Int: 16    God:    Ignis [*****.]
Gold:   162        SH:  3    Dex:  8    Spells: 4/6 levels left

rFire   + . .        a - -1 mace (flame)
rCold   . . .        h - +0 buckler
rNeg    . . .        (helmet restricted)
rPois   .            g - amulet of regeneration
rElec   .            (no ring)
rCorr   .            (no ring)
SInv    .            (no ring)
Will    .....        (no ring)
Stlth   +++          (no ring)
HPRegen 1.06/turn    (no ring)
MPRegen 0.10/turn    (no ring)
                     (no ring)

%: no passive effects
@: no status effects
A: almost no armour, amphibious, 8 rings, camouflage 1, gelatinous body 1,
(nimble swimmer 1), tentacles
a: Renounce Religion, Fiery Armour, Foxfire Swarm, Rising Flame


You were on level 3 of the Dungeon.
You worshipped Ignis.
Ignis was extremely pleased with you.
You visited 1 branch of the dungeon, and saw 3 of its levels.

You collected 162 gold pieces.

Inventory:

Hand Weapons
 a - a -1 mace of flaming (weapon)
 b - a +0 war axe
 n - a +0 flail
Missiles
 l - a throwing net (quivered)
Armour
 h - a +0 buckler (worn)
Magical Staves
 o - a staff of cold
Jewellery
 g - an amulet of regeneration (around mantle)
Talismans
 c - a flux talisman
Wands
 s - a wand of paralysis (9)
Scrolls
 d - 2 scrolls of teleportation
 i - a scroll of immolation {unknown}
 m - a scroll of brand weapon {unknown}
 p - a scroll of noise {unknown}
 q - a scroll of vulnerability {unknown}
 r - a scroll of amnesia {unknown}
 t - a scroll of identify {unknown}
Potions
 e - a potion of haste {unknown}
 f - 2 potions of curing {unknown}
 j - a potion of magic {unknown}
 k - 2 potions of heal wounds {unknown}
 u - a potion of degeneration {unknown}


   Skills:
 + Level 3.6 Fighting
 - Level 4.0 Maces & Flails
 + Level 1.0 Dodging
 + Level 1.8 Stealth
 * Level 1.2 Shields
 * Level 1.7 Unarmed Combat
 - Level 1.0 Spellcasting
 + Level 3.6 Fire Magic


You had 4 spell levels left.
You knew the following spells:

 Your Spells              Type           Power      Damage    Failure   Level
a - Scorch                Fire           24%        2d6       11%         2

Your spell library contained the following spells:

 Spells                   Type           Power      Damage    Failure   Level
 Freeze                   Ice            0%         1d3       30%         1
 Volatile Blastmotes      Fire/Tloc      12%        2d11      41%         3
 Dazzling Flash           Conj/Hex       0%         N/A       65%         3
 Frozen Ramparts          Ice            0%         1d1       65%         3
 Hailstorm                Conj/Ice       0%         3d5       65%         3
 Starburst                Conj/Fire      3%         6d3       100%        6
 Maxwell's Capacitive Co  Air            0%         ∞         100%        8


Dungeon Overview and Level Annotations

Branches:
Dungeon (3/15)

Altars:

Annotations:
D:3 dig, Ijyb


Innate Abilities, Weirdness & Mutations

You cannot wear most types of armour.
You are amphibious.
You can wear up to eight rings at the same time.
Your skin changes colour to match your surroundings (Stealth+).
Your rubbery body absorbs attacks. (AC +1, EV +1)
((You are camouflaged when in or above water. (Stealth+)))
You have tentacles for arms and can constrict up to eight enemies at once.


Message History

You hit the orc. You burn the orc. You squeeze the orc.
You kill the orc!
u - a fuming white potion
Found 15 gold pieces.
A giant cockroach comes into view.
Ijyb shouts!
You see here 15 gold pieces.
You now have 162 gold pieces (gained 15).
Ijyb zaps a wand.
The bolt of acid hits you!
Casting: Scorch (safe; 11% risk of failure)
Confirm with . or Enter, or press ? or * to list all spells.
Flames lash Ijyb.
Ijyb is lightly wounded.
Ijyb's fire resistance burns away.
You hit Ijyb. You burn Ijyb. You grab Ijyb. You squeeze Ijyb.
Ijyb is heavily wounded.
You constrict Ijyb.
Ijyb hits you with a +1 dagger of electrocution.
Casting: Scorch (safe; 11% risk of failure)
Confirm with . or Enter, or press ? or * to list all spells.
Flames lash Ijyb but do no damage.
You constrict Ijyb.
Ijyb hits you with a +1 dagger of electrocution.
Casting: Scorch (safe; 11% risk of failure)
Confirm with . or Enter, or press ? or * to list all spells.
Flames lash the giant cockroach.
The giant cockroach is heavily wounded.
The giant cockroach's fire resistance burns away.
You constrict Ijyb.
Ijyb is no longer more vulnerable to fire.
Ijyb hits you with a +1 dagger of electrocution.
You are electrocuted!
* * * LOW HITPOINT WARNING * * *
Okay, then.
You barely miss Ijyb.
You tentacle-slap Ijyb, but do no damage.
You squeeze Ijyb, but do no damage.
Ijyb is severely wounded.
You constrict Ijyb.
Ijyb zaps a wand.
The bolt of acid hits you!!
Ouch! That really hurt!
You die...

#.......# #......
#####.########.## #....<# #.#
## ###########.# .. #. .
..........# ....##.### .#
#######.#.## #........#####.#
....#.#.#...
.#...#....#.....#.###....†##..
.............B@g........#.....#
#.#...........##...#.#.###...##
.......#.#..## ..#....#.....#
#.........## .####....##.. ...
#.....#.#.# ..........#.. ...
###.......# ###....##.. ....
#...(...# #..#.....#
....#####..##.# #.###...##
..........#...# #..#..#..#


You could see Ijyb and a giant cockroach (combustible).

Vanquished Creatures
  Jessica (D:2)
  Natasha (D:2)
  Terence (D:2)
  2 adders (D:2)
  3 dart slugs
  An orc (D:3)
  6 ball pythons
  7 endoplasms
  4 giant cockroaches
  8 goblins
  3 hobgoblins (D:1)
  4 jackals (D:1)
  4 kobolds
  3 quokkas (D:1)
  6 bats
  4 frilled lizards
  A rat (D:2)
59 creatures vanquished.

Notes
Turn   | Place    | Note
-------+----------+-------------------------------------------
     0 | D:1      | monsoonserge the Octopode Cinder Acolyte began the quest
                  | for the Orb.
     0 | D:1      | Reached XP level 1. HP: 16/16 MP: 2/2
    30 | D:1      | Reached XP level 2. HP: 19/21 MP: 3/3
    52 | D:1      | Learned a level 2 spell: Scorch
   385 | D:1      | Reached XP level 3. HP: 10/26 MP: 4/4
   834 | D:2      | Noticed Jessica
   838 | D:2      | Killed Jessica
   839 | D:2      | Reached skill level 1 in Stealth
   839 | D:2      | Reached skill level 1 in Unarmed Combat
   839 | D:2      | Reached XP level 4. HP: 31/31 MP: 2/5
  1186 | D:2      | Noticed Terence
  1201 | D:2      | Killed Terence
  1202 | D:2      | Reached skill level 1 in Shields
  1202 | D:2      | Reached XP level 5. HP: 16/36 MP: 1/6
  1473 | D:2      | Noticed Natasha
  1477 | D:2      | Killed Natasha
  1478 | D:2      | Reached skill level 1 in Dodging
  1623 | D:3      | Reached skill level 4 in Maces & Flails
  1782 | D:3      | Noticed Ijyb
  1975 | D:3      | Killed from afar by Ijyb

Illustrated notes

Levels and vault maps discovered:
D:1:      heliophobic_arrival_ceremonial_halls, layout_loops_ring
D:2:      layout_loops_ring, uniq_jessica, uniq_terence, uniq_natasha
D:3:      layout_basic, serial_glass, glass_columns_b, glass_columns_a,
          due_unseen_surprise, minmay_strange_pillars, minmay_strange_pillars,
          minmay_strange_pillars, uniq_ijyb

Skill      XL: |  1  2  3  4  5 |
---------------+----------------+-----
Stealth        | 1 |  1.8
Unarmed Combat | 1 |  1.7
Shields        | 1 |  1.2
Dodging        | 1 |  1.0
Maces & Flails | 4 |  4.0
Fighting       | |  3.6
Spellcasting   | |  1.0
Fire Magic     | |  3.6

Action                     |  1- 3 |  4- 6 || total
---------------------------+-------+-------++-------
  Melee: Mace              |    52 |    43 ||    95
         Constrict         |    15 |    11 ||    26
         Tentacles         |     9 |    11 ||    20
         Punch             |       |     1 ||     1
   Cast: Scorch            |     3 |     9 ||    12
    Use: Scroll            |       |     1 ||     1
   Stab: Sleeping          |     4 |     1 ||     5
 Armour: Skin              |    22 |    24 ||    46
  Dodge: Dodged            |    27 |    32 ||    59
  Block: Buckler           |     1 |     3 ||     4
